 Dungeon Crawl Stone Soup version 0.27-a0-1438-g9b7c6745da (webtiles) character file.

Game seed: 370806709313321800

107 2tc the Insei (level 4, -2/28 HPs)
             Began as an Octopode Transmuter on July 4, 2021.
             Was a Believer of Wu Jian.
             Slain by a gnoll (6 damage)
             ... on level 3 of the Dungeon.
             The game lasted 00:06:26 (2912 turns).

2tc the Insei (Octopode Transmuter)                 Turns: 2912, Time: 00:06:27

Health: -2/28      AC:  1    Str: 10    XL:     4   Next: 85%
Magic:  7/7        EV: 13    Int: 15    God:    Wu Jian [**....]
Gold:   95         SH:  0    Dex: 12    Spells: 4/7 levels left

rFire    . . .     SeeInvis .     - Unarmed
rCold    . . .     Faith    .   (no shield)
rNeg     . . .     Spirit   .   (helmet restricted)
rPois    .         Reflect  .   (no amulet)
rElec    .         Harm     .   (no ring)
rCorr    .         Rampage  .   (no ring)
Will     .....                  (no ring)
Stlth    ++........             (no ring)
HPRegen  0.09/turn              (no ring)
MPRegen  0.10/turn              (no ring)
                                (no ring)
                                (no ring)

@: no status effects
A: almost no armour, amphibious, 8 rings, camouflage 1, gelatinous body 1,
(nimble swimmer 1), tentacles
a: Renounce Religion, Wall Jump


You were on level 3 of the Dungeon.
You worshipped Wu Jian.
Wu Jian was pleased with you.
You visited 1 branch of the dungeon, and saw 4 of its levels.

You collected 95 gold pieces.

Inventory:

Scrolls
 b - a scroll of amnesia
Potions
 a - a potion of lignification {unknown}
 c - 3 potions of attraction


   Skills:
 - Level 1.0 Fighting
 - Level 2.0 Dodging
 - Level 5.3 Unarmed Combat
 - Level 2.0 Spellcasting
 * Level 2.2 Transmutations


You had 4 spell levels left.
You knew the following spells:

 Your Spells              Type           Power      Damage    Failure   Level
a - Beastly Appendage     Tmut           16%        N/A       9%          1
b - Wereblood             Tmut           8%         N/A       14%         2

Your spell library contained the following spells:

 Spells                   Type           Power      Damage    Failure   Level
 Animate Skeleton         Necr           2%         N/A       22%         1
 Apportation              Tloc           2%         N/A       22%         1
 Corona                   Hex            1%         N/A       22%         1
 Summon Small Mammal      Summ           4%         N/A       22%         1
 Spider Form              Tmut/Pois      2%         N/A       38%         3
 Ignite Poison            Fire/Tmut/Pois 3%         N/A       45%         3
 Conjure Flame            Conj/Fire      1%         6-21      54%         3
 Ice Form                 Ice/Tmut       4%         N/A       80%         4
 Sticky Flame             Conj/Fire      1%         2d3       91%         4


Dungeon Overview and Level Annotations

Branches:
Dungeon (4/15)
 Temple: D:4-7

Altars:
Fedhas
Gozag
Wu Jian
Xom
Zin

Shops:
D:2 !

Annotations:
D:3 2 transporters
D:4 Edmund


Innate Abilities, Weirdness & Mutations

You cannot wear most types of armour.
You are amphibious.
You can wear up to eight rings at the same time.
Your skin changes colour to match your surroundings (Stealth+).
Your rubbery body absorbs attacks. (AC +1, EV +1)
((You are camouflaged near water. (Stealth+)))
You have tentacles for arms and can constrict up to eight enemies at once.


Message History

You climb downwards.
An adder and 2 gnolls come into view.
Found a potion of attraction.
There is a stone staircase leading up here.
The gnoll shouts! x2; You hear a shout! x2
You climb upwards.
Level annotation: 2 transporters
There is a stone staircase leading down here.
There is a stone staircase leading up here.
There is a stone staircase leading down here.
You climb downwards.
An endoplasm, a gnoll and Edmund come into view.
Edmund is wielding a +0 flail of holy wrath.
Edmund shouts!
The endoplasm quivers.
The gnoll shouts!
The adder hisses angrily.
The gnoll closely misses you. The adder misses you.
There is a stone staircase leading up here.
Okay, then.
The gnoll completely misses you. The adder bites you.
The gnoll hits you from afar with a +0 halberd.
The endoplasm freezes you.
You are frozen.
The gnoll closely misses you.
You climb upwards.
Level annotation: 2 transporters
There is a stone staircase leading down here.
You closely miss the adder. You grab the adder. You constrict the adder.
The adder closely misses you. The gnoll misses you. x2
You tentacle-slap the adder but do no damage.
The adder is lightly wounded.
You constrict the adder. The adder closely misses you.
The gnoll closely misses you. x2; The adder barely misses you.
You tentacle-slap the adder. You squeeze the adder.
You kill the adder!
The Council accepts your kill. The gnoll hits you with a +0 club.
The gnoll hits you with a +0 club!
* * * LOW HITPOINT WARNING * * *
You spin and attack the gnoll.
You closely miss the gnoll. You grab the gnoll. You constrict the gnoll.
The gnoll hits you with a +0 club.
You die...

..#..#...#.########.# #.#
..+$©#©..#.# #.# #.#
..#..#...#.# #.# #.#
≈;#P8#.#.#.# #.# #.#
######.#.#.# #.# #.#
.......#.#.### #.# #.#
..######.#...# #.# #.#
#.######.###.######.# #.#
................@g..# #.#
##.#####.###.#.##g#.# #.#
...........#.#.##J#####.########
###.####.#.#.#..........#......#
#.# #<#.#.#.##.#####.#.####.#
#.## #.#.#.#.##.#######.####.#
#..# #.#.#.#.##..............#
##.###.#.#.#.##.#######.######
####..##.#.#.#.#### #.#


You could see 2 gnolls and an endoplasm.

Vanquished Creatures
  A hound (D:3)
  2 adders
  A dart slug (D:1)
  5 orcs (D:3)
  A ball python (D:3)
  6 bats
  5 endoplasms
  A giant cockroach (D:1)
  4 goblins
  2 hobgoblins (D:1)
  9 jackals (D:1)
  2 quokkas
  A frilled lizard (D:1)
  5 kobolds
  4 rats
49 creatures vanquished.

Notes
Turn   | Place    | Note
-------+----------+-------------------------------------------
     0 | D:1      | 2tc the Octopode Transmuter began the quest for the Orb.
     0 | D:1      | Reached XP level 1. HP: 13/13 MP: 3/3
   161 | D:1      | Reached XP level 2. HP: 11/18 MP: 3/5
   490 | D:1      | Found a faded altar of an unknown god.
   498 | D:1      | Reached skill level 4 in Unarmed Combat
   547 | D:1      | Became a worshipper of the Wu Jian Council
   547 | D:1      | Reached * piety under Wu Jian
   580 | D:1      | Reached XP level 3. HP: 20/23 MP: 4/6
   993 | D:2      | Learned a level 2 spell: Wereblood
  1079 | D:2      | Found Tysoasyo's Distillery.
  1864 | D:3      | Found a transporter.
  1886 | D:3      | Found a blossoming altar of Fedhas.
  1889 | D:3      | Found a shimmering altar of Xom.
  2079 | D:3      | Reached XP level 4. HP: 26/28 MP: 7/7
  2114 | D:3      | Found a glowing silver altar of Zin.
  2114 | D:3      | Found an opulent altar of Gozag.
  2118 | D:3      | Reached ** piety under Wu Jian
  2503 | D:3      | Found a transporter.
  2633 | D:3      | Reached skill level 5 in Unarmed Combat
  2906 | D:4      | Noticed Edmund
  2912 | D:3      | Slain by a gnoll

Illustrated notes

Levels and vault maps discovered:
D:1:      ncdulo_lavacross, layout_rooms, serial_aquarium,
          aquarium_bridge_square [aquarium_subvault_balcony,
          aquarium_subvault_balcony, aquarium_subvault_bridge,
          aquarium_subvault_bridge], aquarium_bridge_long_joined
          [aquarium_subvault_window, aquarium_subvault_wall,
          aquarium_subvault_window, aquarium_subvault_window,
          aquarium_subvault_bridge, aquarium_subvault_wall],
          aquarium_window_corner, aquarium_window_1, aquarium_window_fake,
          aquarium_window_2, aquarium_view_2e, ebering_ecumenical_altar_webs,
          chequers_decorated_corner
D:2:      layout_loops_ring, serial_shops, shop
D:3:      gammafunk_steamed_eel, layout_basic,
          grunt_temple_overflow_gold_and_silver,
          chequers_temple_overflow_statue_of_worship, serial_glass,
          glass_columns_a, glass_columns_a, minmay_misc_feat_secret_circle
D:4:      layout_cave_pools, minmay_temple_entry_large_hall, uniq_pikel,
          uniq_edmund

Skill      XL: |  1  2  3  4 |
---------------+-------------+-----
Unarmed Combat | 4 5 |  5.3
Fighting       | |  1.0
Dodging        | |  2.0
Spellcasting   | |  2.0
Transmutations | |  2.2

Action                   |  1- 3 |  4- 6 || total
-------------------------+-------+-------++-------
Melee: Unarmed           |    77 |    22 ||    99
       Tentacles         |    14 |     1 ||    15
       Constrict         |    22 |     6 ||    28
       Kick              |    12 |       ||    12
       Punch             |     1 |     1 ||     2
 Cast: Beastly Appendage |    14 |     2 ||    16
Invok: Lunge             |     5 |     2 ||     7
       Whirlwind         |       |     1 ||     1
  Use: Scroll            |     7 |     3 ||    10
 Stab: Sleeping          |     7 |     4 ||    11
Armor: Skin              |     7 |       ||     7
Dodge: Dodged            |    40 |    19 ||    59

Table legend: (Time is in decaauts)
 A = Elapsed time spent in this place.
 B = Non-inter-level travel time spent in this place.
 C = Inter-level travel time spent in this place.
 D = Time resting spent in this place.
 E = Time spent auto-exploring this place.
 F = Levels seen in this place.
 G = Mean time per level.
                   A        B        C        D        E       F      G
               +--------+--------+--------+--------+--------+-----+--------+
         Total |   2905 |   2760 |    145 |      0 |   2427 |   4 |  726.2 |
       Dungeon |   2905 |   2760 |    145 |      0 |   2427 |   4 |  726.2 |
               +--------+--------+--------+--------+--------+-----+--------+

Top non-repeatable levels by time:
     D:3: 1062 daAuts
     D:1: 985 daAuts
     D:2: 853 daAuts
     D:4: 4 daAuts
